 Dungeon Crawl Stone Soup version 0.30-a0-358-g0d69a1922f (webtiles) character file.

Game seed: 3457511065232014149

141 NinjaNoafa the Conjurer (level 5, -1/29 (38) HPs)
             Began as a Demonspawn Reaver on Nov 10, 2022.
             Slain by a black bear (5 damage)
             ... on level 3 of the Dungeon.
             The game lasted 00:07:47 (2321 turns).

NinjaNoafa the Conjurer (Demonspawn Reaver)         Turns: 2321, Time: 00:07:48

HP:   -1/29 (38)    AC:  4    Str: 15    XL:     5   Next: 3%
MP:   8/8           EV: 12    Int: 14    God:
Gold: 110           SH:  0    Dex: 11    Spells: 7/8 levels left

rFire   x . .      SeeInvis .    p - +0 flail
rCold   + . .      Faith    .    (no shield)
rNeg    + . .      Spirit   .    q - +2 robe {rN+}
rPois   .          Reflect  .    (helmet restricted)
rElec   .          Harm     .    (no cloak)
rCorr   .          Rampage  .    (no gloves)
Will    .....                    (no boots)
Stlth   +.........               (no amulet)
HPRegen 0.24/turn                g - ring of ice
MPRegen 0.11/turn                (no ring)

@: heavily drained
A: horns 1, demonic guardian 1
a: no special abilities


You were on level 3 of the Dungeon.
You visited 1 branch of the dungeon, and saw 3 of its levels.

You collected 176 gold pieces.
You spent 66 gold pieces at shops.

Inventory:

Hand Weapons
 p - a +0 flail (weapon)
Missiles
 d - 24 stones
Armour
 q - a +2 robe of positive energy (worn)
Jewellery
 g - a ring of ice (left hand)
Wands
 o - a wand of digging (7)
Scrolls
 a - a scroll of butterflies
 m - a scroll of noise
 r - a scroll of acquirement {unknown}
 u - 2 scrolls of vulnerability
Potions
 c - a potion of might {unknown}
 e - 3 potions of heal wounds {unknown}
 f - 2 potions of attraction {unknown}
 h - a potion of magic {unknown}
 i - a potion of degeneration {unknown}
 j - a potion of haste {unknown}
 l - 2 potions of mutation {unknown}
 n - a potion of brilliance {unknown}
 t - a potion of flight {unknown}
 v - a potion of curing


   Skills:
 - Level 2.0 Fighting
 - Level 2.6 Maces & Flails
 - Level 1.7 Dodging
 - Level 2.0 Spellcasting
 - Level 5.0 Conjurations
 + Level 2.9 Necromancy


You had 7 spell levels left.
You knew the following spells:

 Your Spells              Type           Power      Damage    Failure   Level
a - Kiss of Death         Conj/Necr      48%        2d9       4%          1

Your spell library contained the following spells:

 Spells                   Type           Power      Damage    Failure   Level
 Momentum Strike          Conj/Tloc      16%        3d8       13%         2
 Hailstorm                Conj/Ice       12%        3d5       26%         3
 Vhi's Electric Charge    Tloc/Air       2%         N/A       56%         3
 Arcjolt                  Conj/Air       4%         1d14      93%         5
 Maxwell's Capacitive Co  Air            0%         ∞         100%        8


Dungeon Overview and Level Annotations

Branches:
Dungeon (3/15)

Altars:

Shops:
D:1 [


Innate Abilities, Weirdness & Mutations

You have a pair of small horns on your head.
A weak demonic guardian rushes to your aid.


Message History

Your quasit bites the orc.
The orc dies!
Your quasit closely misses the orc. x2; Your quasit barely misses the orc.
Your quasit disappears in a puff of smoke!
You sock the orc!
You kill the orc!
Things that are here:
a +0 flail; a +0 leather armour; an orc corpse A hobgoblin comes into view.
You see here a ball python corpse.
You closely miss the hobgoblin. The hobgoblin barely misses you.
The hobgoblin hits you.
You barely miss the hobgoblin. The hobgoblin hits you.
You barely miss the hobgoblin. The hobgoblin misses you.
You hit the hobgoblin.
The hobgoblin is lightly wounded.
The hobgoblin hits you but does no damage.
You hit the hobgoblin.
The hobgoblin is heavily wounded.
The hobgoblin misses you.
You barely miss the hobgoblin. Your headbutt misses the hobgoblin.
The hobgoblin is heavily wounded.
The hobgoblin hits you but does no damage.
The black bear bites you.
The black bear claws you but does no damage.
The black bear barely misses you. The hobgoblin barely misses you.
You hit the hobgoblin.
The hobgoblin is severely wounded.
The black bear bites you.
* * * LOW HITPOINT WARNING * * *
The black bear claws you.
* * * LOW HITPOINT WARNING * * *
A demonic guardian appears!
The black bear claws you but does no damage.
The hobgoblin closely misses you.
As you read the scroll of fear, it crumbles to dust.
You assume a fearsome visage.
The hobgoblin looks frightened!
The black bear resists with some effort.
The black bear bites you.
You die...

### ..# .##### #.#
.....###.# .5....##o#
.###..##.#
##############
#.)##.#####.†...........
#........)..#h##.#######
#.###.#######@##.#
###.###.#######.##.####
...............g5.....#
###############.##.##.#
#.##.##.#####..
#....†.........
####.......###.
####.##.# .......


You could see a black bear, a hobgoblin (fleeing, ally target) and a friendly
iron imp (summoned).

Vanquished Creatures
  A hound (D:2)
  Terence (D:2)
  2 worms
  4 dart slugs (D:2)
  An orc (D:3)
  7 endoplasms
  4 giant cockroaches
  12 goblins
  4 hobgoblins
  2 jackals (D:2)
  5 kobolds
  A quokka (D:2)
  8 ball pythons
  8 bats
  6 frilled lizards
  4 rats
70 creatures vanquished.

Vanquished Creatures (collateral kills)
  An orc (D:3)
1 creature vanquished.

Grand Total: 71 creatures vanquished

Notes
Turn   | Place    | Note
-------+----------+-------------------------------------------
     0 | D:1      | NinjaNoafa the Demonspawn Reaver began the quest for the
                  | Orb.
     0 | D:1      | Reached XP level 1. HP: 16/16 MP: 3/3
   191 | D:1      | Reached skill level 1 in Necromancy
   213 | D:1      | Gained mutation: You have a pair of small horns on your
                  | head. [demonic ancestry]
   213 | D:1      | Reached XP level 2. HP: 12/21 MP: 5/5
   551 | D:1      | Found Gist's Antique Armour Emporium.
   713 | D:1      | Reached XP level 3. HP: 24/27 MP: 6/6
   988 | D:2      | Reached skill level 4 in Conjurations
  1146 | D:2      | Noticed Terence
  1156 | D:2      | Killed Terence
  1157 | D:2      | Reached XP level 4. HP: 13/28 MP: 4/7
  1440 | D:1      | Bought a runed robe for 66 gold pieces
  2230 | D:3      | Reached skill level 5 in Conjurations
  2261 | D:3      | Gained mutation: A weak demonic guardian rushes to your
                  | aid. [demonic ancestry]
  2261 | D:3      | Reached XP level 5. HP: 27/29 MP: 8/8
  2285 | D:3      | Noticed a black bear
  2321 | D:3      | Slain by a black bear

Illustrated notes

Levels and vault maps discovered:
D:1:      roderic_chinese_lattice_arrival, layout_loops_ring, serial_shops,
          shop_statue, minmay_fountain_box
D:2:      minmay_razor_zed, layout_loops_ring, serial_glass, glass_columns_b,
          glass_columns_a, glass_columns_b, glass_columns_c, glass_columns_a,
          glass_columns_a, basic_altar, uniq_terence
D:3:      layout_loops_ring, minmay_misc_feat_square

Skill      XL: |  1  2  3  4 |
---------------+-------------+-----
Necromancy     | 1 2 |  2.9
Conjurations   | 4 5 |  5.0
Fighting       | |  2.0
Maces & Flails | |  2.6
Dodging        | |  1.7
Spellcasting   | |  2.0

Action                   |  1- 3 |  4- 6 || total
-------------------------+-------+-------++-------
Melee: Mace              |   141 |     2 ||   143
       Punch             |     2 |       ||     2
       Headbutt          |    13 |    12 ||    25
       Flail             |       |    70 ||    70
 Cast: Kiss of Death     |     3 |     2 ||     5
  Use: Potion            |       |     1 ||     1
       Scroll            |       |     7 ||     7
Armor: Leather armour    |    67 |     1 ||    68
       Robe              |       |    19 ||    19
Dodge: Dodged            |   131 |    54 ||   185

Table legend: (Time is in decaauts)
 A = Elapsed time spent in this place.
 B = Non-inter-level travel time spent in this place.
 C = Inter-level travel time spent in this place.
 D = Time resting spent in this place.
 E = Time spent auto-exploring this place.
 F = Levels seen in this place.
 G = Mean time per level.
                   A        B        C        D        E       F      G
               +--------+--------+--------+--------+--------+-----+--------+
         Total |   2378 |   2146 |    232 |      0 |   1482 |   3 |  792.7 |
       Dungeon |   2378 |   2146 |    232 |      0 |   1482 |   3 |  792.7 |
               +--------+--------+--------+--------+--------+-----+--------+

Top non-repeatable levels by time:
     D:2: 1293 daAuts
     D:1: 973 daAuts
     D:3: 111 daAuts
